 Dungeon Crawl Stone Soup version 0.18-a0-1577-gf591c28 (webtiles) character file.

9293 Geeful the Quickloader (level 11, -5/72 HPs)
             Began as a Kobold Hunter on Mar 15, 2016.
             Was a Priest of Trog.
             Slain by an unseen horror (9 damage)
             ... on level 10 of the Dungeon on Mar 17, 2016.
             The game lasted 00:57:29 (15234 turns).

Geeful the Quickloader (Kobold Hunter)             Turns: 15234, Time: 00:57:29

Health: -5/72      AC:  9    Str:  9    XL:     11   Next: 71%
Magic:  11/11      EV: 17    Int:  9    God:    Trog [***...]
Gold:   368        SH:  0    Dex: 22    Spells: 0 memorised, 10 levels left

rFire  + . .     SeeInvis .     b - +3 dagger (flame)
rCold  . . .     Gourm    .     C - +4 scale mail
rNeg   + . .     Faith    .     (shield restricted)
rPois  .         Spirit   .     (helmet restricted)
rElec  .         Dismiss  .     s - +0 cloak
rCorr  .         Reflect  .     e - +0 pair of gloves
SustAt .         Harm     .     (no boots)
MR     .....     Rnd*Tele +     (no amulet)
Stlth  +++++.....               A - ring of positive energy
                                I - ring of protection from fire

@: not resistant to hostile enchantments, quite stealthy
A: horns 1, thin skeletal structure 1, carnivore 3, deformed body, sense
surroundings 1, teleportitis 1, weak 1
a: Berserk, Trog's Hand, Burn Spellbooks, Renounce Religion


You were on level 10 of the Dungeon.
You worshipped Trog.
Trog was most pleased with you.
You were very full.

You visited 1 branch of the dungeon, and saw 10 of its levels.

You collected 413 gold pieces.
You spent 45 gold pieces at shops.

Inventory:

Hand Weapons
 a - a +1 hand crossbow
 b - a +3 dagger of flaming (weapon)
 E - a +4 mace of venom
 L - a +0 dagger of holy wrath
 M - a cursed +1 dagger of freezing
Missiles
 d - 29 poisoned needles
 i - 4 curare-tipped needles
 n - 15 tomahawks (quivered)
 o - 12 bolts
 J - 14 poisoned bolts
Armour
 e - a +0 pair of gloves (worn)
 s - a +0 cloak (worn)
 t - a +0 helmet
 C - a +4 scale mail (worn)
Jewellery
 A - a ring of positive energy (right hand)
 I - a ring of protection from fire (left hand)
Wands
 c - a wand of flame (2/48)
 j - a wand of polymorph (10/24)
 y - a wand of lightning (9/15)
 B - a wand of enslavement (10/24)
 H - a wand of polymorph (16/24)
Scrolls
 g - a scroll of teleportation
 m - a scroll of enchant weapon
 p - 3 scrolls of immolation
 v - a scroll of acquirement {unknown}
 F - 2 scrolls of remove curse
 G - a scroll of identify
Comestibles
 f - 6 meat rations
 k - 2 beef jerkies
 u - a royal jelly
 x - 2 slices of pizza


   Skills:
 + Level 9.9 Fighting
 + Level 6.6 Short Blades
 + Level 11.4 Crossbows
 + Level 10.7 Dodging
 - Level 10.2 Stealth


You had 10 spell levels left.
You didn't know any spells.

Dungeon Overview and Level Annotations

Branches:
Dungeon (10/15)            Temple (0/1) D:5            Lair (0/8) D:9
    Orc: D:9-12

Altars:
Ashenzari
Dithmenos
Gozag
Kikubaaqudgha
Nemelex Xobeh
Ru
Trog
Xom
The Shining One

Shops:
D:4 [


Innate Abilities, Weirdness & Mutations

You are small and have problems with some larger weapons.
You are carnivorous and can eat meat at any time.
You have a pair of small horns on your head.
You have a somewhat thin skeletal structure (Dex +2, Stealth).
Armour fits poorly on your strangely shaped body.
You passively map a small area around you.
You are occasionally teleported next to monsters.
You are weak. (Str -2)


Message History

Something hits you.
* * * LOW HITPOINT WARNING * * *
Something hits you but does no damage. Something hits you but does no damage.
Things that are here:
a robe; a great sword Something barely misses you.
Something hits you.
* * * LOW HITPOINT WARNING * * *
Something closely misses you.
You barely miss something. You headbutt something.
Something completely misses you.
You hit something but do no damage. Something hits you.
* * * LOW HITPOINT WARNING * * *
Something completely misses you.
You miss something. You headbutt something. Something hits you.
* * * LOW HITPOINT WARNING * * *
Something hits you but does no damage.
You closely miss something. You headbutt something. Something hits you!
You die...

#.........# ###...
#.........# #.....
#.........# #.....
######.........# #.....
#...##........%# #.....
#.#.##.........# #.....
#..[...####)#### #....o
###.##[####.# #.....
#....[.@..#########.....
####.####......[........
#.# ###########.....
#####.# ###### #.....#
#######


There were no monsters in sight!

Vanquished Creatures
  Pikel (D:5)
  Joseph (D:7)
  A troll (D:10)
  Grinder (D:5)
  A wyvern (D:9)
  9 yaks
  3 hippogriffs
  A hungry ghost (D:8)
  Grum (D:8)
  2 orc warriors
  3 slaves (D:5)
  2 ice beasts (D:7)
  A sky beast (D:9)
  3 black bears
  A necrophage (D:6)
  2 ogres
  4 phantoms
  3 wolves (D:8)
  7 centaurs
  4 giant frogs
  A big kobold (D:7)
  A water moccasin zombie (D:6)
  3 scorpions
  8 killer bees
  21 wights
  6 howler monkeys
  3 crimson imps
  A centaur zombie (D:9)
  A wasp zombie (D:9)
  5 hounds
  8 orc priests
  19 orc wizards
  5 iguanas
  14 worker ants
  A killer bee zombie (D:9)
  A hound zombie (D:9)
  A hound skeleton (D:7)
  A howler monkey zombie (D:8)
  2 worker ant zombies
  7 gnolls
  11 adders
  2 oozes
  An adder zombie (D:5)
  An adder skeleton (D:10)
  3 worms (D:3)
  3 dart slugs
  7 giant geckos
  24 orcs
  2 ball pythons (D:1)
  4 giant cockroaches
  16 goblins
  6 hobgoblins
  13 jackals
  9 kobolds
  7 quokkas
  10 bats
  A giant cockroach zombie (D:6)
  A giant gecko zombie (D:5)
  6 giant newts
  4 rats
291 creatures vanquished.

Notes
Turn   | Place    | Note
--------------------------------------------------------------
     0 | D:1      | Geeful the Kobold Hunter began the quest for the Orb.
     0 | D:1      | Reached XP level 1. HP: 12/12 MP: 1/1
   171 | D:1      | Reached XP level 2. HP: 17/17 MP: 2/2
   300 | D:1      | Reached skill level 5 in Crossbows
   408 | D:1      | Reached XP level 3. HP: 22/22 MP: 3/3
  1048 | D:2      | Reached XP level 4. HP: 27/27 MP: 4/4
  1537 | D:2      | Reached XP level 5. HP: 28/32 MP: 5/5
  2039 | D:3      | Found a shimmering altar of Xom.
  2382 | D:3      | Found a sacrificial altar of Ru.
  2449 | D:3      | Reached XP level 6. HP: 11/38 MP: 6/6
  3295 | D:4      | Reached skill level 6 in Crossbows
  3600 | D:4      | Found a sparkling altar of Nemelex Xobeh.
  3755 | D:4      | Found a shadowy altar of Dithmenos.
  3769 | D:4      | Noticed a phantom
  4129 | D:4      | Found Gitur's Armour Shop.
  4136 | D:4      | Bought a +0 cloak for 45 gold pieces
  4241 | D:4      | Reached XP level 7. HP: 41/43 MP: 7/7
  4320 | D:4      | Found a bloodstained altar of Trog.
  4325 | D:4      | Became a worshipper of Trog the Wrathful
  4368 | D:4      | Gained mutation: Armour fits poorly on your strangely shaped body. [potion of mutation]
  4368 | D:4      | Gained mutation: You are occasionally teleported next to monsters. [potion of mutation]
  4368 | D:4      | Gained mutation: You have a pair of small horns on your head. [potion of mutation]
  4655 | D:4      | Reached skill level 5 in Dodging
  4655 | D:4      | Reached skill level 5 in Stealth
  4767 | D:5      | Entered Level 5 of the Dungeon
  4869 | D:5      | HP: 3/66 [slave[Pikel] (2)]
  4943 | D:5      | Noticed Pikel
  5247 | D:5      | Found a staircase to the Ecumenical Temple.
  5261 | D:5      | Noticed Grinder
  5559 | D:5      | Killed Grinder
  5559 | D:5      | Reached skill level 5 in Fighting
  5559 | D:5      | Reached skill level 7 in Crossbows
  5559 | D:5      | Reached XP level 8. HP: 38/49 MP: 8/8
  6014 | D:5      | Killed Pikel
  6560 | D:6      | Reached XP level 9. HP: 55/55 MP: 9/9
  6641 | D:6      | Reached skill level 8 in Crossbows
  6975 | D:6      | Found a glowing golden altar of the Shining One.
  6975 | D:6      | Found an opulent altar of Gozag.
  6985 | D:6      | Found a shattered altar of Ashenzari.
  7097 | D:6      | Reached * piety under Trog
  7878 | D:6      | Found an ancient bone altar of Kikubaaqudgha.
  8102 | D:7      | Noticed Joseph
  8131 | D:7      | Killed Joseph
  8131 | D:7      | Reached skill level 9 in Crossbows
  8253 | D:7      | Reached XP level 10. HP: 63/63 MP: 10/10
  8732 | D:7      | Gained mutation: You are partially covered in yellow scales (AC +2). [potion of mutation]
  8732 | D:7      | Gained mutation: You passively map a small area around you. [potion of mutation]
  8922 | D:7      | Found a bloodstained altar of Trog.
  9120 | D:8      | Reached skill level 10 in Stealth
  9141 | D:8      | Noticed Grum
  9166 | D:8      | Killed Grum
  9169 | D:8      | Gained mutation: You are weak. (Str -2) [potion of mutation]
  9169 | D:8      | Lost mutation: You are partially covered in yellow scales (AC +2). [potion of mutation]
  9169 | D:8      | Gained mutation: You have a somewhat thin skeletal structure (Dex +2, Stealth). [potion of mutation]
  9375 | D:8      | Reached skill level 10 in Crossbows
  9544 | D:8      | Reached ** piety under Trog
  9574 | D:8      | Reached skill level 1 in Short Blades
 10631 | D:8      | Reached XP level 11. HP: 29/69 MP: 11/11
 11853 | D:9      | Reached *** piety under Trog
 11853 | D:9      | Reached skill level 10 in Dodging
 11864 | D:9      | Reached skill level 5 in Short Blades
 11864 | D:9      | Reached skill level 11 in Crossbows
 13124 | D:9      | Found a staircase to the Lair.
 13229 | D:9      | HP: 3/72 [poisoned by a killer bee]
 13234 | D:9      | HP: 3/72 [poisoned by a killer bee]
 13241 | D:9      | HP: 2/72 [poisoned by a killer bee]
 13249 | D:9      | HP: 2/72 [poisoned by a killer bee]
 13793 | D:10     | Entered Level 10 of the Dungeon
 14723 | D:10     | Reached **** piety under Trog
 14833 | D:10     | Received a gift from Trog
 14836 | D:10     | HP: 3/72 [something (5)]
 14857 | D:10     | HP: 3/72 [something (2)]
 15156 | D:10     | Upgraded the game from 0.18-a0-1572-g0a86841 to 0.18-a0-1577-gf591c28
 15234 | D:10     | Slain by an unseen horror

Vault maps used:
D:1:      erik_arrival_cave_to_civilisation
D:3:      nicolae_ru_great_annihilating_truth, tgw_xom, first_bread
D:4:      marbit_many_paths, kennysheep_mini, nemelex_xobeh_ov_fountains_minmay,
          serial_shops, shop
D:5:      minmay_temple_entry_statues_fountains, minmay_statues_item,
          minmay_tree_intersection, nicolae_underground_beach, uniq_grinder,
          uniq_pikel
D:6:      gammafunk_temple_overflow_claw, basic_altar, small_statue_intersection
D:7:      trog_book, uniq_joseph
D:8:      minmay_flawed_box, small_statue_intersection, uniq_grum
D:9:      lair_0_dummy

Skill      XL: |  1  2  3  4  5  6  7  8  9 10 11 |
---------------+----------------------------------+-----
Dodging        | 3 4 5 6 8 9 10 | 10.7
Crossbows      | 5 6 7 9 10 11 | 11.4
Stealth        | 2 3 4 6 7 9 10 | 10.2
Fighting       | 3 4 5 6 7 8 9 |  9.9
Short Blades   | 3 6 |  6.6

Action                   |  1- 3 |  4- 6 |  7- 9 | 10-12 || total
-------------------------+-------+-------+-------+-------++-------
Melee: Short sword       |       |   164 |    65 |       ||   229
       Dagger            |       |       |    35 |   403 ||   438
       Whip              |       |       |    73 |       ||    73
       Mace              |       |       |     2 |   194 ||   196
 Fire: Hand crossbow     |    57 |    80 |   200 |   118 ||   455
Throw: Tomahawk          |       |     3 |     5 |       ||     8
Invok: Burn Spellbooks   |       |       |       |     2 ||     2
       Berserk           |       |       |       |     1 ||     1
       Trog's Hand       |       |       |       |     1 ||     1
Evoke: Wand              |       |       |       |     3 ||     3
  Use: Scroll            |       |     7 |       |     5 ||    12
       Potion            |       |       |    11 |    12 ||    23
 Stab: Sleeping          |       |     2 |     3 |    11 ||    16
       Invisible         |       |     1 |       |       ||     1
       Paralysed         |       |     1 |       |       ||     1
       Distracted        |       |       |       |     6 ||     6
  Eat: Chunk             |     7 |    11 |    26 |    28 ||    72
